 Dungeon Crawl Stone Soup version 0.12.3 (console) character file.

478 Lightli the Fighter (level 5, -4/34 HPs)
             Began as a Deep Elf Priest on July 5, 2022.
             Killed from afar by an orc wizard (7 damage)
             ... with a puff of flame
             ... on Level 3 of the Dungeon.
             The game lasted 00:05:45 (3804 turns).

Lightli the Fighter (Deep Elf Priest)               Turns: 3804, Time: 00:05:45

HP  -4/34        AC  5     Str 14      XL: 5   Next: 85%
MP  15/15        EV 15     Int 18      God:
Gold 231         SH  0     Dex 14      Spells:  0 memorised,  4 levels left

Res.Fire  : . . .   See Invis. : .   s - +2 whip (venom)
Res.Cold  : . . .   Warding    : .   b - +0 elf robe (curse)
Life Prot.: + . .   Conserve   : .   (no shield)
Res.Poison: .       Res.Corr.  : .   (no helmet)
Res.Elec. : .       Clarity    : .   (no cloak)
Sust.Abil.: . .     Spirit.Shd : .   (no gloves)
Res.Mut.  : .       Stasis     : .   k - +2 pair of boots
Res.Rott. : .       Ctrl.Telep.: .   (no amulet)
Saprovore : . . .   Flight     : .   (no ring)
                                     l - ring of life protection

@: mighty, mildly poisoned, slightly resistant to hostile enchantments,
unstealthy
A: no striking features
a: no special abilities


You were on level 3 of the Dungeon.
You were very hungry.

You visited 1 branch of the dungeon, and saw 4 of its levels.

You collected 212 gold pieces.
You donated 1 gold pieces.

Inventory:

Hand weapons
 a - a +1,+0 quarterstaff
 s - a +2,+2 whip of venom (weapon)
Armour
 b - a cursed +0 elven robe (worn)
 k - a +2 pair of boots (worn)
Magical devices
 r - a wand of disintegration (6)
Comestibles
 c - 3 bread rations
 d - 3 meat rations
 j - 11 grapes
 m - an orange
Scrolls
 g - 3 scrolls of remove curse {unknown}
 h - 3 scrolls of magic mapping
 i - 2 scrolls of amnesia {unknown}
 n - 2 scrolls of enchant weapon I
Jewellery
 l - a ring of life protection (left hand)
Potions
 p - a potion of might


   Skills:
 - Level 8.8 Fighting
 - Level 3.0 Staves
 + Level 5.8 Dodging
   Level 5.0 Invocations


You had 4 spell levels left.
You didn't know any spells.

Dungeon Overview and Level Annotations

Branches:
Dungeon (4/27)
 Temple: D:4-7

Altars:
Okawaru

Annotations
D:2 Sigmund, Terence
D:4 DEFE's ghost, average SEFi


Message History

You feel very mighty all of a sudden.
It was a potion of might.
Drink which item? (? for menu, Esc to quit)
It has a very clean taste.
It was a potion of cure mutation.
* * * LOW HITPOINT WARNING * * *
You feel sick.
Drink which item? (? for menu, Esc to quit)
You feel more experienced!
Your Fighting skill gained 7 levels and is now at level 8!
It was a potion of experience.
You have reached level 5!
Unknown command.
Evoke which item? (* to show all) (? for menu, Esc to quit)
Zapping:
r - a wand of disintegration {zapped: 2}
Press: ? - help, Shift-Dir - straight line, f - orc wizard
Aim: an orc wizard, wielding an orcish dagger and wearing an orcish robe The orc wizard struggles to resist.
The orc wizard casts a spell at you. The puff of flame hits you!
You die...

#.# **##########.#
,...(.......#
,##########.#########
#,*#.................#
#.##.................#
#....................#
*###.........#########
#...o.@.........#
#..o......^.....#
##o#####........# #####.#
#........# #....(#
#........#
*#######.....#####........#
*............##...........#
*#.#####....o##...........#
, #.%.o.##...........#


You could see an orc wizard and 2 orcs.

Vanquished Creatures
  An orc wizard (D:3)
  3 adders
  2 gnolls (D:3)
  A giant mite (D:3)
  A worm (D:3)
  3 giant geckos
  An ooze (D:3)
  4 orcs (D:3)
  4 bats
  2 giant cockroaches
  7 hobgoblins (D:1)
  A quokka (D:4)
  A ball python (D:1)
  A giant newt (D:2)
  7 goblins
  3 jackals (D:3)
  6 kobolds
  A kobold skeleton (D:4)
  2 rats
51 creatures vanquished.

Vanquished Creatures (others)
  A rat (D:1)
1 creature vanquished.

Grand Total: 52 creatures vanquished

Notes
Turn   | Place    | Note
--------------------------------------------------------------
     0 | D:1      | Lightli, the Deep Elf Priest, began the quest for the Orb.
     0 | D:1      | Reached XP level 1. HP: 12/12 MP: 3/3
   677 | D:1      | Reached XP level 2. HP: 7/17 MP: 6/6
  1234 | D:1      | Fell from the grace of Zin
  1687 | D:2      | Noticed Terence
  1737 | D:2      | Noticed Sigmund
  1771 | D:2      | Reached XP level 3. HP: 18/21 MP: 9/9
  2568 | D:3      | Found an iron altar of Okawaru.
  3231 | D:3      | Reached skill level 5 in Dodging
  3231 | D:3      | Reached XP level 4. HP: 26/26 MP: 12/12
  3356 | D:4      | Noticed DEFE's ghost (average SEFi)
  3803 | D:3      | Reached skill level 8 in Fighting
  3803 | D:3      | Reached XP level 5. HP: 3/34 MP: 15/15
  3804 | D:3      | Killed from afar by an orc wizard

Action                   |  1- 3 |  4- 6 || total
-------------------------+-------+-------++-------
Melee: Quarterstaff      |   153 |    21 ||   174
       Whip              |       |    14 ||    14
Invok: Renounce Religion |     1 |       ||     1
Evoke: Wand              |     1 |     2 ||     3
  Use: Scroll            |     7 |     4 ||    11
       Potion            |       |     5 ||     5
 Stab: Sleeping          |     1 |       ||     1
